[ AOE2 MATCH · #483547246 ]
UnrankedVietnamese vs Franks
[ REPLAY ANALYSIS · EXTRACTED FROM THE RECORDED GAME ]
Feudal
15:16
Castle
22:49
Imperial
37:13
| APM avg | 24.2 |
| APM peak | 46 |
| eAPM avg | 17.0 |
| Villagers / military | 122 / 88 |
Focus
⚔️ 24.1% · 🌾 75.9%
Skirmisher ×63 · Rattan Archer ×19 · Fishing Ship ×3 · Trebuchet (Packed) ×3 · Trade Cart ×2 · Demolition Raft ×2
Feudal
14:17
Castle
20:27
Imperial
31:39
| APM avg | 17.8 |
| APM peak | 48 |
| eAPM avg | 12.7 |
| Villagers / military | 141 / 15 |
Focus
⚔️ 11.7% · 🌾 88.3%
Spearman ×10 · Trebuchet (Packed) ×4 · Monk ×1
Feudal
13:42
Castle
18:11
Imperial
29:01
| APM avg | 26.5 |
| APM peak | 111 |
| eAPM avg | 13.6 |
| Villagers / military | 141 / 81 |
Focus
⚔️ 29.6% · 🌾 70.4%
Throwing Axeman ×52 · Scout Cavalry ×20 · Trade Cart ×7 · Trebuchet (Packed) ×6 · Bombard Cannon ×2 · Monk ×1
Feudal
14:23
Castle
25:50
Imperial
34:53
| APM avg | 20.0 |
| APM peak | 49 |
| eAPM avg | 13.0 |
| Villagers / military | 78 / 88 |
Focus
⚔️ 19.7% · 🌾 80.3%
Spearman ×61 · Fishing Ship ×30 · Serjeant ×14 · Battering Ram ×5 · Mangonel ×4 · Trebuchet (Packed) ×4
Feudal
16:00
Castle
24:25
Imperial
36:17
| APM avg | 14.3 |
| APM peak | 44 |
| eAPM avg | 11.1 |
| Villagers / military | 143 / 89 |
Focus
⚔️ 19.0% · 🌾 81.0%
Scorpion ×67 · Spearman ×21 · Trade Cart ×5 · Knight ×1
Feudal
12:30
Castle
17:26
Imperial
34:28
| APM avg | 16.4 |
| APM peak | 40 |
| eAPM avg | 13.7 |
| Villagers / military | 130 / 239 |
Focus
⚔️ 30.5% · 🌾 69.5%
Longbowman ×144 · Spearman ×91 · Trade Cart ×19 · Trebuchet (Packed) ×3 · Monk ×1
Feudal
12:53
Castle
17:17
Imperial
31:43
| APM avg | 20.1 |
| APM peak | 44 |
| eAPM avg | 15.4 |
| Villagers / military | 186 / 135 |
Focus
⚔️ 26.2% · 🌾 73.8%
Knight ×88 · Skirmisher ×30 · Scout Cavalry ×16 · Trade Cart ×11 · Fishing Ship ×6 · Monk ×1
Feudal
11:31
Castle
15:01
Imperial
30:38
| APM avg | 78.4 |
| APM peak | 168 |
| eAPM avg | 46.2 |
| Villagers / military | 147 / 122 |
Focus
⚔️ 51.5% · 🌾 48.5%
Mangudai ×75 · Fishing Ship ×47 · Mangonel ×45 · Trade Cart ×29 · Monk ×1 · Galley ×1
Match map
Initial resources + every placement click. Lines = walls · curves = elevation contours. ◆ gold · ⬟ stone · ● berries · ✦ relic · ◌ wall gap
Your base· ✓ Closed at 22:49 · 41t walls · 1 gate(s)
Zad's base· ✓ Closed at 20:27 · 1t walls · no gate
Madeft's base· Open — opponent sealed themselves in
Nicius's base· Open — opponent sealed themselves in
Tiberyus's base· ✓ Closed at 24:25 · 56t walls · 1 gate(s)
Superhoops's base· Open — opponent sealed themselves in
Pig-killing team member's base· ✓ Closed at 17:17 · 14t walls · no gate
ben_'s base· Open — opponent sealed themselves in
Smoothed initial terrain · ◌ = detected wall gap · hover for details
Inputs per minute
— eugenibeto - - Zad
Build order — eugenibeto
First 150 of 366 actions detected
| 4:28 | Create | Villager (Male) |
| 4:28 | Create | Villager (Male) |
| 4:28 | Create | Villager (Male) |
| 4:28 | Create | Villager (Male) |
| 4:29 | Create | Villager (Male) |
| 4:33 | Build | House |
| 4:48 | Build | Palisade Wall |
| 4:50 | Build | Palisade Wall |
| 5:12 | Build | Palisade Wall |
| 5:23 | Build | House |
| 5:36 | Build | House |
| 6:01 | Research | Loom |
| 6:16 | Create | Villager (Male) |
| 7:17 | Build | House |
| 7:25 | Create | Villager (Male) |
| 7:25 | Create | Villager (Male) |
| 7:45 | Create | Villager (Male) |
| 7:45 | Create | Villager (Male) |
| 8:10 | Create | Villager (Male) |
| 8:11 | Create | Villager (Male) |
| 8:11 | Create | Villager (Male) |
| 8:52 | Create | Villager (Male) |
| 9:14 | Create | Villager (Male) |
| 9:47 | Build | Mill |
| 10:36 | Create | Villager (Male) |
| 10:37 | Create | Villager (Male) |
| 10:55 | Create | Villager (Male) |
| 10:55 | Create | Villager (Male) |
| 11:03 | Build | Lumber Camp |
| 11:39 | Create | Villager (Male) |
| 12:00 | Create | Villager (Male) |
| 12:23 | Create | Villager (Male) |
| 13:06 | Research | Feudal Age |
| 13:06 | Research | Feudal Age |
| 13:23 | Build | Mining Camp |
| 13:46 | Create | Villager (Male) |
| 14:31 | Build | House |
| 15:01 | Build | Dock |
| 15:09 | Create | Villager (Male) |
| 15:16 | Age | Feudal Age |
| 15:23 | Create | Villager (Male) |
| 15:33 | Build | Outpost |
| 15:47 | Build | Stone Wall |
| 15:50 | Build | Stone Wall |
| 16:21 | Build | House |
| 16:30 | Create | Villager (Male) |
| 16:44 | Build | Market |
| 16:54 | Create | Villager (Male) |
| 17:20 | Create | Villager (Male) |
| 17:44 | Create | Villager (Male) |
| 17:56 | Build | Blacksmith |
| 18:11 | Create | Villager (Male) |
| 18:15 | Build | Gate |
| 18:29 | Build | Mining Camp |
| 18:38 | Create | Villager (Male) |
| 19:02 | Create | Villager (Male) |
| 19:25 | Build | Stone Wall |
| 19:29 | Build | Outpost |
| 19:33 | Create | Villager (Male) |
| 19:43 | Build | Stone Wall |
| 20:09 | Research | Castle Age |
| 20:18 | Build | House |
| 20:20 | Build | House |
| 21:13 | Build | House |
| 21:14 | Build | House |
| 21:15 | Build | House |
| 21:29 | Research | Double-Bit Axe |
| 21:31 | Create | Villager (Male) |
| 21:46 | Build | Farm |
| 21:48 | Build | Farm |
| 21:49 | Build | Farm |
| 21:51 | Build | Farm |
| 21:53 | Build | Farm |
| 21:54 | Build | Farm |
| 22:05 | Build | Farm |
| 22:25 | Research | Horse Collar |
| 22:49 | Age | Castle Age |
| 23:06 | Build | Town Center |
| 23:18 | Build | Town Center |
| 23:24 | Create | Villager (Male) |
| 23:41 | Create | Villager (Male) |
| 23:42 | Create | Villager (Male) |
| 23:59 | Create | Trade Cart |
| 24:08 | Research | Town Watch |
| 24:21 | Build | Farm |
| 24:22 | Build | Farm |
| 24:49 | Create | Villager (Male) |
| 24:49 | Create | Villager (Male) |
| 24:50 | Create | Villager (Male) |
| 25:05 | Create | Demolition Raft |
| 25:07 | Create | Villager (Male) |
| 25:21 | Create | Fishing Ship |
| 25:43 | Build | Monastery |
| 25:46 | Create | Villager (Male) |
| 25:47 | Create | Villager (Male) |
| 25:47 | Create | Villager (Male) |
| 25:52 | Create | Villager (Male) |
| 25:53 | Create | Villager (Male) |
| 25:53 | Create | Villager (Male) |
| 25:53 | Create | Villager (Male) |
| 25:54 | Create | Villager (Male) |
| 26:05 | Build | House |
| 26:06 | Build | House |
| 26:07 | Build | House |
| 26:11 | Create | Villager (Male) |
| 26:12 | Create | Villager (Male) |
| 26:19 | Build | Fish Trap |
| 26:20 | Create | Demolition Raft |
| 26:23 | Create | Fishing Ship |
| 26:30 | Build | Fish Trap |
| 26:34 | Create | Villager (Male) |
| 26:34 | Create | Villager (Male) |
| 26:37 | Create | Monk |
| 26:50 | Research | Wheelbarrow |
| 27:02 | Build | Town Center |
| 27:07 | Create | Villager (Male) |
| 27:08 | Create | Villager (Male) |
| 27:17 | Build | Fish Trap |
| 27:21 | Create | Fishing Ship |
| 27:55 | Create | Villager (Male) |
| 27:56 | Create | Villager (Male) |
| 27:56 | Create | Villager (Male) |
| 27:56 | Create | Villager (Male) |
| 28:08 | Build | Farm |
| 28:09 | Build | Farm |
| 28:11 | Build | Farm |
| 28:14 | Build | Farm |
| 28:16 | Build | Farm |
| 28:17 | Build | Farm |
| 28:24 | Build | Farm |
| 28:32 | Create | Villager (Male) |
| 28:33 | Create | Villager (Male) |
| 28:33 | Create | Villager (Male) |
| 28:51 | Build | Farm |
| 28:52 | Create | Villager (Male) |
| 28:53 | Create | Villager (Male) |
| 28:53 | Create | Villager (Male) |
| 29:05 | Build | Farm |
| 29:06 | Build | Farm |
| 29:08 | Build | Farm |
| 29:12 | Build | Farm |
| 29:13 | Build | Farm |
| 29:17 | Build | Mill |
| 29:21 | Build | Farm |
| 29:23 | Create | Villager (Male) |
| 29:23 | Create | Villager (Male) |
| 29:24 | Create | Villager (Male) |
| 29:35 | Research | Heavy Plow |
| 29:36 | Create | Villager (Male) |
| 29:37 | Create | Villager (Male) |
Build order — Zad
First 150 of 303 actions detected
| 0:01 | Research | Loom |
| 0:02 | Create | Villager (Male) |
| 0:02 | Create | Villager (Male) |
| 0:03 | Build | House |
| 0:04 | Build | House |
| 0:12 | Create | Villager (Male) |
| 0:13 | Create | Villager (Male) |
| 0:13 | Create | Villager (Male) |
| 0:13 | Create | Villager (Male) |
| 2:20 | Create | Villager (Male) |
| 2:20 | Create | Villager (Male) |
| 2:20 | Create | Villager (Male) |
| 2:54 | Create | Villager (Male) |
| 2:54 | Create | Villager (Male) |
| 3:27 | Create | Villager (Male) |
| 3:27 | Create | Villager (Male) |
| 4:16 | Create | Villager (Male) |
| 4:16 | Create | Villager (Male) |
| 4:16 | Create | Villager (Male) |
| 5:07 | Create | Villager (Male) |
| 5:07 | Create | Villager (Male) |
| 5:08 | Create | Villager (Male) |
| 5:09 | Create | Villager (Male) |
| 5:12 | Build | Mill |
| 5:17 | Build | House |
| 5:34 | Create | Villager (Male) |
| 5:34 | Create | Villager (Male) |
| 5:34 | Create | Villager (Male) |
| 5:34 | Create | Villager (Male) |
| 5:35 | Create | Villager (Male) |
| 5:42 | Create | Villager (Male) |
| 5:43 | Create | Villager (Male) |
| 5:56 | Build | House |
| 6:00 | Create | Villager (Male) |
| 6:00 | Create | Villager (Male) |
| 6:50 | Create | Villager (Male) |
| 6:50 | Create | Villager (Male) |
| 6:50 | Create | Villager (Male) |
| 6:50 | Create | Villager (Male) |
| 7:35 | Create | Villager (Male) |
| 7:36 | Create | Villager (Male) |
| 7:36 | Create | Villager (Male) |
| 7:49 | Build | Lumber Camp |
| 8:11 | Create | Villager (Male) |
| 8:12 | Create | Villager (Male) |
| 8:12 | Create | Villager (Male) |
| 8:12 | Create | Villager (Male) |
| 9:14 | Create | Villager (Male) |
| 9:15 | Create | Villager (Male) |
| 9:18 | Build | Mill |
| 10:03 | Build | Lumber Camp |
| 10:32 | Build | House |
| 10:39 | Build | House |
| 10:43 | Build | House |
| 11:22 | Create | Villager (Male) |
| 11:53 | Build | Mill |
| 12:01 | Build | Palisade Wall |
| 12:07 | Research | Feudal Age |
| 12:17 | Build | Mill |
| 13:23 | Build | Mining Camp |
| 13:26 | Create | Villager (Male) |
| 13:51 | Create | Villager (Male) |
| 14:17 | Age | Feudal Age |
| 14:30 | Research | Wheelbarrow |
| 14:31 | Research | Town Watch |
| 14:32 | Research | Horse Collar |
| 15:55 | Research | Double-Bit Axe |
| 16:07 | Build | Market |
| 16:16 | Build | House |
| 16:19 | Build | House |
| 16:29 | Build | House |
| 17:04 | Build | House |
| 17:20 | Build | Blacksmith |
| 17:26 | Build | Mining Camp |
| 17:34 | Build | Mining Camp |
| 17:47 | Research | Castle Age |
| 18:04 | Create | Villager (Male) |
| 18:23 | Build | House |
| 19:37 | Create | Villager (Male) |
| 20:27 | Age | Castle Age |
| 20:34 | Build | Castle |
| 20:39 | Create | Villager (Male) |
| 20:39 | Create | Villager (Male) |
| 20:39 | Create | Villager (Male) |
| 20:42 | Build | Town Center |
| 21:16 | Create | Villager (Male) |
| 21:57 | Build | Siege Workshop |
| 22:11 | Build | Castle |
| 22:24 | Create | Villager (Male) |
| 22:24 | Create | Villager (Male) |
| 22:24 | Create | Villager (Male) |
| 22:24 | Create | Villager (Male) |
| 22:45 | Create | Villager (Male) |
| 22:55 | Build | Monastery |
| 23:07 | Create | Villager (Male) |
| 23:07 | Create | Villager (Male) |
| 23:42 | Build | Farm |
| 23:47 | Create | Villager (Male) |
| 23:51 | Build | Farm |
| 23:54 | Build | Farm |
| 24:01 | Build | Farm |
| 24:04 | Build | Farm |
| 24:11 | Build | Farm |
| 24:12 | Build | Farm |
| 24:20 | Build | Farm |
| 24:22 | Build | Farm |
| 24:28 | Build | Farm |
| 24:37 | Create | Monk |
| 24:47 | Create | Villager (Male) |
| 24:47 | Create | Villager (Male) |
| 24:48 | Create | Villager (Male) |
| 24:48 | Create | Villager (Male) |
| 24:48 | Create | Villager (Male) |
| 24:56 | Build | Farm |
| 24:58 | Build | Farm |
| 25:00 | Build | Farm |
| 25:03 | Build | Farm |
| 25:09 | Build | Farm |
| 25:19 | Create | Villager (Male) |
| 25:19 | Create | Villager (Male) |
| 25:19 | Create | Villager (Male) |
| 25:19 | Create | Villager (Male) |
| 25:20 | Create | Villager (Male) |
| 25:20 | Create | Villager (Male) |
| 25:20 | Create | Villager (Male) |
| 25:20 | Create | Villager (Male) |
| 25:20 | Create | Villager (Male) |
| 25:29 | Build | Farm |
| 25:33 | Create | Villager (Male) |
| 26:05 | Build | Farm |
| 26:16 | Build | Town Center |
| 26:24 | Build | Farm |
| 26:26 | Build | Farm |
| 26:28 | Build | Farm |
| 26:30 | Build | Mill |
| 26:35 | Research | Heavy Plow |
| 26:35 | Research | Heavy Plow |
| 26:36 | Research | Heavy Plow |
| 26:36 | Research | Heavy Plow |
| 28:29 | Research | Imperial Age |
| 28:42 | Create | Villager (Male) |
| 28:43 | Create | Villager (Male) |
| 28:43 | Create | Villager (Male) |
| 28:43 | Create | Villager (Male) |
| 28:43 | Create | Villager (Male) |
| 28:51 | Build | Town Center |
| 28:55 | Build | Town Center |
| 29:15 | Build | Farm |
| 29:55 | Build | Farm |
| 29:56 | Build | Farm |
Build order — Madeft
First 150 of 397 actions detected
| 0:02 | Research | Loom |
| 0:02 | Create | Villager (Male) |
| 0:03 | Create | Villager (Male) |
| 0:03 | Create | Villager (Male) |
| 0:03 | Create | Villager (Male) |
| 0:05 | Build | House |
| 0:07 | Build | House |
| 1:53 | Create | Villager (Male) |
| 1:53 | Create | Villager (Male) |
| 2:28 | Create | Villager (Male) |
| 2:29 | Create | Villager (Male) |
| 2:33 | Create | Villager (Male) |
| 2:33 | Create | Villager (Male) |
| 3:02 | Build | Lumber Camp |
| 3:03 | Create | Villager (Male) |
| 3:04 | Create | Villager (Male) |
| 3:15 | Create | Villager (Male) |
| 3:16 | Create | Villager (Male) |
| 3:48 | Create | Villager (Male) |
| 3:48 | Create | Villager (Male) |
| 4:07 | Create | Villager (Male) |
| 4:07 | Create | Villager (Male) |
| 4:17 | Build | House |
| 4:34 | Create | Villager (Male) |
| 4:34 | Create | Villager (Male) |
| 5:06 | Build | Mill |
| 5:26 | Create | Villager (Male) |
| 5:26 | Create | Villager (Male) |
| 5:35 | Build | House |
| 5:55 | Create | Villager (Male) |
| 5:55 | Create | Villager (Male) |
| 6:37 | Create | Villager (Male) |
| 6:37 | Create | Villager (Male) |
| 6:37 | Create | Villager (Male) |
| 6:37 | Create | Villager (Male) |
| 7:21 | Create | Villager (Male) |
| 7:21 | Create | Villager (Male) |
| 7:22 | Create | Villager (Male) |
| 7:22 | Create | Villager (Male) |
| 7:39 | Build | House |
| 8:02 | Create | Villager (Male) |
| 8:02 | Create | Villager (Male) |
| 8:27 | Build | Mill |
| 9:02 | Create | Villager (Male) |
| 9:02 | Create | Villager (Male) |
| 9:35 | Build | House |
| 10:02 | Create | Villager (Male) |
| 10:02 | Create | Villager (Male) |
| 10:56 | Build | Mining Camp |
| 11:32 | Research | Feudal Age |
| 11:32 | Research | Feudal Age |
| 12:18 | Build | Palisade Gate |
| 12:32 | Create | Villager (Male) |
| 12:33 | Create | Villager (Male) |
| 12:33 | Create | Villager (Male) |
| 13:11 | Build | Mining Camp |
| 13:24 | Build | House |
| 13:42 | Age | Feudal Age |
| 13:53 | Build | Market |
| 13:59 | Build | Blacksmith |
| 14:11 | Build | House |
| 14:40 | Build | Gate |
| 14:53 | Build | Stone Wall |
| 15:31 | Research | Castle Age |
| 15:31 | Research | Castle Age |
| 15:37 | Research | Double-Bit Axe |
| 15:37 | Research | Double-Bit Axe |
| 15:48 | Build | Farm |
| 15:49 | Build | Farm |
| 15:50 | Build | Farm |
| 16:30 | Build | Barracks |
| 16:37 | Build | Farm |
| 16:38 | Build | Farm |
| 16:40 | Build | Farm |
| 17:11 | Build | Gate |
| 17:23 | Build | Stone Wall |
| 17:39 | Build | Farm |
| 18:11 | Age | Castle Age |
| 18:16 | Research | Wheelbarrow |
| 18:16 | Research | Wheelbarrow |
| 18:21 | Build | Town Center |
| 18:51 | Build | Mining Camp |
| 19:08 | Build | Town Center |
| 19:12 | Create | Villager (Male) |
| 19:13 | Create | Villager (Male) |
| 19:32 | Create | Villager (Male) |
| 19:32 | Create | Villager (Male) |
| 20:01 | Create | Villager (Male) |
| 20:01 | Create | Villager (Male) |
| 20:07 | Build | Farm |
| 20:11 | Build | Farm |
| 20:20 | Build | Farm |
| 20:24 | Create | Villager (Male) |
| 20:24 | Create | Villager (Male) |
| 20:25 | Create | Villager (Male) |
| 20:26 | Create | Villager (Male) |
| 20:26 | Create | Villager (Male) |
| 20:27 | Create | Villager (Male) |
| 20:43 | Build | Farm |
| 20:44 | Build | Farm |
| 20:56 | Create | Villager (Male) |
| 20:59 | Create | Villager (Male) |
| 21:10 | Build | Farm |
| 21:12 | Build | Farm |
| 21:20 | Create | Villager (Male) |
| 21:35 | Create | Villager (Male) |
| 21:36 | Create | Villager (Male) |
| 21:36 | Create | Villager (Male) |
| 21:46 | Build | Farm |
| 21:49 | Build | Farm |
| 22:01 | Build | Farm |
| 22:12 | Build | Farm |
| 22:15 | Create | Villager (Male) |
| 22:16 | Create | Villager (Male) |
| 22:16 | Create | Villager (Male) |
| 22:16 | Create | Villager (Male) |
| 22:17 | Create | Villager (Male) |
| 22:17 | Create | Villager (Male) |
| 22:27 | Build | House |
| 22:29 | Build | House |
| 22:33 | Build | Farm |
| 22:40 | Build | Farm |
| 22:41 | Build | Farm |
| 22:48 | Create | Villager (Male) |
| 22:48 | Create | Villager (Male) |
| 22:48 | Create | Villager (Male) |
| 22:57 | Build | Farm |
| 23:05 | Build | Farm |
| 23:20 | Build | House |
| 23:21 | Build | House |
| 23:34 | Build | Castle |
| 23:43 | Create | Villager (Male) |
| 23:43 | Create | Villager (Male) |
| 23:44 | Create | Villager (Male) |
| 24:01 | Create | Villager (Male) |
| 24:01 | Create | Villager (Male) |
| 24:02 | Create | Villager (Male) |
| 24:06 | Build | Farm |
| 24:07 | Build | Farm |
| 24:13 | Build | Farm |
| 24:14 | Build | Farm |
| 24:17 | Create | Villager (Male) |
| 24:18 | Create | Villager (Male) |
| 24:18 | Create | Villager (Male) |
| 24:36 | Create | Villager (Male) |
| 24:36 | Create | Villager (Male) |
| 24:45 | Build | Farm |
| 24:46 | Build | Farm |
| 24:48 | Build | Farm |
| 24:49 | Build | Farm |
Build order — Nicius
First 150 of 283 actions detected
| 0:05 | Build | House |
| 0:06 | Build | House |
| 0:07 | Create | Villager (Male) |
| 0:08 | Research | Loom |
| 0:08 | Create | Villager (Male) |
| 0:31 | Create | Villager (Male) |
| 0:47 | Create | Villager (Male) |
| 1:05 | Build | Palisade Wall |
| 3:12 | Create | Villager (Male) |
| 4:23 | Create | Villager (Male) |
| 4:30 | Create | Villager (Male) |
| 5:07 | Create | Villager (Male) |
| 5:17 | Build | Lumber Camp |
| 5:20 | Create | Villager (Male) |
| 5:50 | Build | Palisade Wall |
| 6:30 | Create | Villager (Male) |
| 6:35 | Create | Villager (Male) |
| 6:52 | Build | Palisade Wall |
| 7:20 | Create | Villager (Male) |
| 7:25 | Create | Villager (Male) |
| 7:31 | Build | House |
| 7:32 | Build | House |
| 8:16 | Create | Villager (Male) |
| 8:18 | Create | Villager (Male) |
| 9:11 | Create | Villager (Male) |
| 9:12 | Create | Villager (Male) |
| 9:21 | Build | Palisade Wall |
| 9:43 | Build | Mill |
| 9:57 | Create | Villager (Male) |
| 10:26 | Create | Villager (Male) |
| 10:50 | Build | Dock |
| 10:58 | Create | Villager (Male) |
| 11:04 | Create | Villager (Male) |
| 11:12 | Build | House |
| 11:19 | Build | House |
| 11:24 | Create | Villager (Male) |
| 11:58 | Research | Feudal Age |
| 12:37 | Build | Mining Camp |
| 13:06 | Create | Fishing Ship |
| 13:13 | Create | Villager (Male) |
| 13:14 | Create | Villager (Male) |
| 13:33 | Build | Mining Camp |
| 14:23 | Age | Feudal Age |
| 14:28 | Research | Double-Bit Axe |
| 14:31 | Create | Fishing Ship |
| 14:45 | Build | Donjon |
| 15:01 | Create | Villager (Male) |
| 15:21 | Create | Villager (Male) |
| 15:22 | Create | Fishing Ship |
| 15:37 | Create | Serjeant |
| 15:38 | Create | Serjeant |
| 16:05 | Build | Barracks |
| 16:09 | Create | Villager (Male) |
| 16:23 | Build | House |
| 16:24 | Build | House |
| 16:32 | Create | Serjeant |
| 16:34 | Create | Serjeant |
| 16:47 | Build | Farm |
| 16:49 | Create | Villager (Male) |
| 17:04 | Research | Arson |
| 17:25 | Create | Villager (Male) |
| 17:27 | Build | Farm |
| 17:31 | Create | Fishing Ship |
| 17:57 | Build | Palisade Gate |
| 18:04 | Build | Farm |
| 18:05 | Create | Villager (Male) |
| 18:11 | Research | Tech 906 |
| 18:11 | Create | Fishing Ship |
| 18:21 | Build | Market |
| 18:23 | Build | Palisade Wall |
| 18:30 | Create | Villager (Male) |
| 18:35 | Build | Farm |
| 19:08 | Build | Farm |
| 19:11 | Build | House |
| 19:12 | Build | House |
| 19:13 | Build | House |
| 19:34 | Build | Farm |
| 19:54 | Build | Farm |
| 20:01 | Build | Farm |
| 20:05 | Create | Villager (Male) |
| 20:17 | Build | Blacksmith |
| 20:33 | Build | House |
| 20:45 | Create | Fishing Ship |
| 20:49 | Build | Farm |
| 20:51 | Create | Villager (Male) |
| 21:08 | Build | Stone Wall |
| 21:22 | Build | Farm |
| 21:24 | Build | Farm |
| 21:25 | Create | Villager (Male) |
| 21:33 | Build | Lumber Camp |
| 22:02 | Build | Farm |
| 22:05 | Create | Villager (Male) |
| 22:24 | Build | Fish Trap |
| 22:25 | Build | Fish Trap |
| 22:38 | Create | Villager (Male) |
| 22:41 | Create | Villager (Male) |
| 22:45 | Build | Farm |
| 22:50 | Build | Fish Trap |
| 23:09 | Research | Castle Age |
| 23:16 | Build | Fish Trap |
| 23:27 | Build | Fish Trap |
| 23:43 | Build | Fish Trap |
| 24:08 | Research | Gold Mining |
| 24:08 | Research | Stone Mining |
| 24:25 | Create | Villager (Male) |
| 24:26 | Create | Villager (Male) |
| 24:47 | Create | Fishing Ship |
| 24:59 | Build | Dock |
| 25:40 | Build | Fish Trap |
| 25:50 | Age | Castle Age |
| 25:51 | Build | Outpost |
| 25:55 | Create | Villager (Male) |
| 26:00 | Build | Town Center |
| 26:05 | Research | Bow Saw |
| 26:21 | Build | Castle |
| 26:37 | Create | Villager (Male) |
| 26:40 | Create | Villager (Male) |
| 26:41 | Create | Villager (Male) |
| 26:46 | Create | Villager (Male) |
| 26:47 | Create | Villager (Male) |
| 27:18 | Create | Villager (Male) |
| 27:25 | Create | Villager (Male) |
| 27:26 | Create | Villager (Male) |
| 27:40 | Build | Town Center |
| 27:49 | Create | Villager (Male) |
| 28:00 | Create | Villager (Male) |
| 28:02 | Create | Villager (Male) |
| 28:10 | Create | Fishing Ship |
| 28:12 | Create | Fishing Ship |
| 28:50 | Create | Villager (Male) |
| 28:51 | Create | Villager (Male) |
| 28:51 | Create | Villager (Male) |
| 28:52 | Create | Villager (Male) |
| 28:54 | Create | Villager (Male) |
| 28:55 | Create | Villager (Male) |
| 28:59 | Build | Farm |
| 29:01 | Build | Farm |
| 29:04 | Research | Horse Collar |
| 29:11 | Build | Fish Trap |
| 29:16 | Build | Fish Trap |
| 29:20 | Research | Gillnets |
| 29:21 | Create | Fishing Ship |
| 29:22 | Create | Villager (Male) |
| 29:22 | Create | Villager (Male) |
| 29:23 | Create | Villager (Male) |
| 29:40 | Build | Town Center |
| 29:47 | Create | Villager (Male) |
| 29:48 | Create | Villager (Male) |
| 29:51 | Create | Fishing Ship |
| 29:55 | Create | Fishing Ship |
Build order — Tiberyus
First 150 of 274 actions detected
| 0:03 | Build | House |
| 0:04 | Build | House |
| 0:05 | Research | Loom |
| 0:06 | Create | Villager (Male) ×4 |
| 0:06 | Create | Villager (Male) ×4 |
| 3:06 | Build | Palisade Wall |
| 3:11 | Build | Palisade Wall |
| 3:31 | Create | Villager (Male) |
| 3:31 | Create | Villager (Male) |
| 4:33 | Create | Villager (Male) |
| 4:33 | Create | Villager (Male) |
| 4:34 | Create | Villager (Male) |
| 5:08 | Build | Lumber Camp |
| 5:19 | Create | Villager (Male) |
| 5:19 | Create | Villager (Male) |
| 5:40 | Create | Villager (Male) |
| 5:40 | Create | Villager (Male) |
| 6:37 | Build | Palisade Wall |
| 7:25 | Create | Villager (Male) |
| 7:25 | Create | Villager (Male) |
| 7:25 | Create | Villager (Male) |
| 7:25 | Create | Villager (Male) |
| 7:37 | Build | House |
| 8:03 | Create | Villager (Male) |
| 8:03 | Create | Villager (Male) |
| 8:03 | Create | Villager (Male) |
| 8:20 | Create | Villager (Male) |
| 8:20 | Create | Villager (Male) |
| 9:02 | Create | Villager (Male) |
| 9:02 | Create | Villager (Male) |
| 9:10 | Build | House |
| 9:26 | Create | Villager (Male) |
| 9:27 | Create | Villager (Male) |
| 10:00 | Build | Lumber Camp |
| 10:04 | Create | Villager (Male) |
| 10:04 | Create | Villager (Male) |
| 10:06 | Create | Villager (Male) |
| 10:26 | Build | Palisade Wall |
| 10:32 | Build | Palisade Gate |
| 10:47 | Create | Villager (Male) |
| 11:26 | Build | Mill |
| 11:35 | Build | House |
| 11:38 | Build | House |
| 12:06 | Create | Villager (Male) |
| 12:32 | Build | Mining Camp |
| 13:50 | Research | Feudal Age |
| 14:41 | Build | Barracks |
| 15:09 | Build | Farm |
| 15:10 | Build | Farm |
| 15:10 | Build | Farm |
| 15:10 | Build | Farm |
| 15:10 | Build | Farm |
| 15:11 | Build | Farm |
| 15:11 | Build | Farm |
| 15:11 | Build | Farm |
| 15:11 | Build | Farm |
| 15:12 | Build | Farm |
| 15:12 | Build | Farm |
| 15:12 | Build | Farm |
| 15:19 | Create | Villager (Male) |
| 15:19 | Create | Villager (Male) |
| 16:00 | Age | Feudal Age |
| 16:03 | Research | Double-Bit Axe |
| 16:05 | Create | Villager (Male) |
| 16:16 | Build | Watch Tower |
| 16:35 | Build | Watch Tower |
| 16:48 | Build | House |
| 16:49 | Build | House |
| 17:01 | Build | Farm |
| 17:06 | Build | Farm |
| 17:06 | Build | Farm |
| 17:06 | Build | Farm |
| 17:07 | Build | Farm |
| 17:07 | Build | Farm |
| 17:25 | Research | Horse Collar |
| 17:39 | Build | House |
| 17:44 | Build | Stone Wall |
| 18:10 | Build | Stone Wall |
| 18:25 | Create | Villager (Male) |
| 18:26 | Create | Villager (Male) |
| 18:26 | Create | Villager (Male) |
| 18:30 | Create | Villager (Male) |
| 18:34 | Create | Villager (Male) |
| 18:57 | Build | Mining Camp |
| 19:33 | Create | Villager (Male) |
| 20:12 | Build | Stone Wall |
| 20:23 | Create | Villager (Male) |
| 20:24 | Create | Villager (Male) |
| 21:38 | Build | Market |
| 21:42 | Build | Blacksmith |
| 21:45 | Research | Castle Age |
| 22:00 | Research | Gold Mining |
| 22:00 | Research | Gold Mining |
| 22:22 | Research | Stone Mining |
| 22:23 | Research | Stone Mining |
| 22:40 | Build | Stable |
| 22:43 | Build | Stable |
| 23:08 | Create | Trade Cart ×5 |
| 24:25 | Age | Castle Age |
| 24:28 | Create | Knight |
| 24:40 | Create | Villager (Male) |
| 24:40 | Create | Villager (Male) |
| 24:41 | Create | Villager (Male) |
| 24:41 | Create | Villager (Male) |
| 24:41 | Create | Villager (Male) |
| 24:41 | Create | Villager (Male) |
| 24:48 | Build | Town Center |
| 24:53 | Build | Town Center |
| 25:51 | Build | House |
| 25:52 | Build | House |
| 25:53 | Build | House |
| 25:53 | Build | House |
| 25:53 | Build | House |
| 25:53 | Build | House |
| 25:54 | Build | House |
| 25:59 | Create | Villager (Male) |
| 26:03 | Create | Villager (Male) |
| 26:03 | Create | Villager (Male) |
| 26:03 | Create | Villager (Male) |
| 26:03 | Create | Villager (Male) |
| 26:38 | Create | Villager (Male) |
| 26:39 | Create | Villager (Male) |
| 26:49 | Research | Bow Saw |
| 26:54 | Create | Villager (Male) |
| 27:21 | Research | Heavy Plow |
| 27:26 | Create | Villager (Male) |
| 27:37 | Create | Villager (Male) |
| 27:37 | Create | Villager (Male) |
| 27:49 | Create | Villager (Male) |
| 27:49 | Create | Villager (Male) |
| 28:01 | Create | Villager (Male) |
| 28:14 | Create | Villager (Male) |
| 28:29 | Create | Villager (Male) |
| 28:47 | Create | Villager (Male) |
| 28:48 | Create | Villager (Male) |
| 28:55 | Build | Farm |
| 28:55 | Build | Farm |
| 28:55 | Build | Farm |
| 28:56 | Build | Farm |
| 28:56 | Build | Farm |
| 28:57 | Build | Farm |
| 29:01 | Create | Villager (Male) |
| 29:01 | Create | Villager (Male) |
| 29:01 | Create | Villager (Male) |
| 29:09 | Create | Villager (Male) |
| 29:17 | Build | Siege Workshop |
| 29:22 | Build | Siege Workshop |
| 29:26 | Create | Villager (Male) |
| 29:42 | Build | Castle |
| 29:53 | Build | Stone Wall |
Build order — Superhoops
First 150 of 379 actions detected
| 0:01 | Create | Villager (Male) |
| 0:02 | Create | Villager (Male) |
| 0:02 | Create | Villager (Male) |
| 0:02 | Create | Villager (Male) |
| 0:02 | Create | Villager (Male) |
| 0:06 | Build | House |
| 0:09 | Build | House |
| 0:51 | Build | Palisade Wall |
| 1:47 | Create | Villager (Male) |
| 1:48 | Create | Villager (Male) |
| 1:49 | Research | Loom |
| 2:24 | Build | Palisade Wall |
| 2:37 | Create | Villager (Male) |
| 2:38 | Create | Villager (Male) |
| 3:19 | Build | House |
| 3:20 | Build | House |
| 3:24 | Create | Villager (Male) |
| 3:25 | Create | Villager (Male) |
| 3:25 | Create | Villager (Male) |
| 3:25 | Create | Villager (Male) |
| 4:07 | Build | House |
| 4:18 | Create | Villager (Male) |
| 4:18 | Create | Villager (Male) |
| 4:33 | Create | Villager (Male) |
| 4:34 | Create | Villager (Male) |
| 4:34 | Create | Villager (Male) |
| 5:59 | Build | Lumber Camp |
| 6:14 | Create | Villager (Male) |
| 6:14 | Create | Villager (Male) |
| 6:14 | Create | Villager (Male) |
| 6:14 | Create | Villager (Male) |
| 7:50 | Create | Villager (Male) |
| 7:50 | Create | Villager (Male) |
| 7:50 | Create | Villager (Male) |
| 7:50 | Create | Villager (Male) |
| 7:52 | Create | Villager (Male) |
| 7:52 | Create | Villager (Male) |
| 8:32 | Build | Mill |
| 9:38 | Build | Mill |
| 9:52 | Build | Mining Camp |
| 10:05 | Build | Farm |
| 10:06 | Build | Farm |
| 10:16 | Research | Feudal Age |
| 10:50 | Build | Farm |
| 11:04 | Create | Villager (Male) |
| 11:05 | Create | Villager (Male) |
| 11:36 | Create | Villager (Male) |
| 12:30 | Age | Feudal Age |
| 12:35 | Build | Market |
| 12:42 | Build | Blacksmith |
| 13:13 | Build | Farm |
| 13:25 | Build | Farm |
| 13:43 | Create | Villager (Male) |
| 14:00 | Build | Farm |
| 14:18 | Build | Farm |
| 14:21 | Create | Villager (Male) |
| 14:41 | Research | Castle Age |
| 15:04 | Build | Farm |
| 15:11 | Research | Horse Collar |
| 15:50 | Research | Double-Bit Axe |
| 16:17 | Build | Farm |
| 16:19 | Build | Farm |
| 16:20 | Build | Farm |
| 16:21 | Build | Farm |
| 17:08 | Build | House |
| 17:09 | Build | House |
| 17:10 | Build | House |
| 17:26 | Age | Castle Age |
| 17:28 | Create | Villager (Male) |
| 17:28 | Create | Villager (Male) |
| 17:28 | Create | Villager (Male) |
| 17:29 | Create | Villager (Male) |
| 17:29 | Create | Villager (Male) |
| 17:29 | Create | Villager (Male) |
| 17:30 | Create | Villager (Male) |
| 17:39 | Build | Town Center |
| 17:51 | Build | Town Center |
| 18:04 | Research | Heavy Plow |
| 18:10 | Research | Bow Saw |
| 18:53 | Build | Monastery |
| 19:02 | Build | House |
| 19:03 | Build | House |
| 19:07 | Build | House |
| 19:15 | Create | Villager (Male) |
| 19:16 | Create | Villager (Male) |
| 19:16 | Create | Villager (Male) |
| 19:16 | Create | Villager (Male) |
| 19:16 | Create | Villager (Male) |
| 19:17 | Create | Villager (Male) |
| 19:35 | Create | Villager (Male) |
| 19:35 | Create | Villager (Male) |
| 19:35 | Create | Villager (Male) |
| 19:35 | Create | Villager (Male) |
| 19:36 | Create | Villager (Male) |
| 19:46 | Build | Farm |
| 19:49 | Create | Monk |
| 20:19 | Create | Villager (Male) |
| 20:20 | Create | Villager (Male) |
| 20:20 | Create | Villager (Male) |
| 20:20 | Create | Villager (Male) |
| 20:29 | Build | House |
| 20:30 | Build | House |
| 20:32 | Build | House |
| 20:33 | Build | House |
| 20:48 | Build | Farm |
| 21:16 | Create | Villager (Male) |
| 21:16 | Create | Villager (Male) |
| 21:17 | Create | Villager (Male) |
| 21:22 | Create | Villager (Male) |
| 21:22 | Create | Villager (Male) |
| 21:23 | Create | Villager (Male) |
| 21:30 | Build | Farm |
| 21:31 | Build | Farm |
| 21:42 | Create | Villager (Male) |
| 21:42 | Create | Villager (Male) |
| 21:51 | Build | Farm |
| 22:09 | Build | House |
| 22:10 | Build | House |
| 22:11 | Build | House |
| 22:12 | Build | House |
| 22:14 | Build | House |
| 22:23 | Build | Farm |
| 22:25 | Build | Farm |
| 22:30 | Build | Farm |
| 22:31 | Build | Farm |
| 22:36 | Build | Farm |
| 22:53 | Build | Farm |
| 22:55 | Build | Farm |
| 22:58 | Create | Villager (Male) |
| 22:59 | Create | Villager (Male) |
| 22:59 | Create | Villager (Male) |
| 23:27 | Build | Farm |
| 23:30 | Research | Wheelbarrow |
| 23:33 | Create | Villager (Male) |
| 23:33 | Create | Villager (Male) |
| 23:34 | Create | Villager (Male) |
| 23:34 | Create | Villager (Male) |
| 23:34 | Create | Villager (Male) |
| 23:39 | Create | Villager (Male) |
| 23:39 | Create | Villager (Male) |
| 23:44 | Build | Farm |
| 24:06 | Build | Farm |
| 24:07 | Build | Farm |
| 24:16 | Create | Villager (Male) |
| 24:17 | Create | Villager (Male) |
| 24:30 | Build | Farm |
| 24:35 | Create | Villager (Male) |
| 24:35 | Create | Villager (Male) |
| 24:38 | Create | Villager (Male) |
| 24:39 | Create | Villager (Male) |
Build order — Pig-killing team member
First 150 of 452 actions detected
| 0:01 | Create | Villager (Male) |
| 0:01 | Create | Villager (Male) |
| 0:02 | Create | Villager (Male) |
| 0:22 | Create | Villager (Male) |
| 0:22 | Create | Villager (Male) |
| 1:06 | Research | Loom |
| 1:44 | Create | Villager (Male) |
| 1:44 | Create | Villager (Male) |
| 2:47 | Create | Villager (Male) |
| 2:48 | Create | Villager (Male) |
| 2:48 | Create | Villager (Male) |
| 3:08 | Build | Lumber Camp |
| 3:14 | Create | Villager (Male) |
| 3:15 | Create | Villager (Male) |
| 3:30 | Create | Villager (Male) |
| 3:31 | Create | Villager (Male) |
| 4:03 | Create | Villager (Male) |
| 4:04 | Create | Villager (Male) |
| 4:40 | Create | Villager (Male) |
| 4:40 | Create | Villager (Male) |
| 4:41 | Create | Villager (Male) |
| 5:05 | Create | Villager (Male) |
| 5:06 | Create | Villager (Male) |
| 5:22 | Build | Mill |
| 5:45 | Create | Villager (Male) |
| 5:45 | Create | Villager (Male) |
| 6:19 | Create | Villager (Male) |
| 6:19 | Create | Villager (Male) |
| 6:20 | Create | Villager (Male) |
| 6:43 | Build | Dock |
| 6:59 | Create | Villager (Male) |
| 6:59 | Create | Villager (Male) |
| 7:28 | Build | Lumber Camp |
| 7:46 | Create | Fishing Ship |
| 7:47 | Create | Villager (Male) |
| 7:47 | Create | Villager (Male) |
| 7:54 | Create | Villager (Male) |
| 7:54 | Create | Villager (Male) |
| 7:54 | Create | Villager (Male) |
| 7:55 | Create | Villager (Male) |
| 8:04 | Create | Villager (Male) |
| 8:05 | Create | Villager (Male) |
| 8:36 | Create | Villager (Male) |
| 8:38 | Create | Fishing Ship |
| 9:17 | Create | Villager (Male) |
| 9:18 | Create | Villager (Male) |
| 9:28 | Create | Villager (Male) |
| 9:28 | Create | Villager (Male) |
| 9:41 | Create | Fishing Ship |
| 9:52 | Create | Villager (Male) |
| 9:52 | Create | Villager (Male) |
| 10:17 | Build | Mining Camp |
| 10:23 | Research | Feudal Age |
| 10:38 | Create | Fishing Ship |
| 11:58 | Create | Villager (Male) |
| 11:59 | Create | Villager (Male) |
| 11:59 | Create | Villager (Male) |
| 12:12 | Build | Mining Camp |
| 12:53 | Age | Feudal Age |
| 12:59 | Build | Stone Wall |
| 13:06 | Build | Market |
| 13:11 | Build | Blacksmith |
| 13:15 | Research | Double-Bit Axe |
| 13:29 | Build | Farm |
| 13:37 | Create | Villager (Male) |
| 14:04 | Create | Villager (Male) |
| 14:12 | Create | Villager (Male) |
| 14:37 | Research | Castle Age |
| 15:37 | Build | Stone Wall |
| 15:46 | Build | Farm |
| 15:49 | Build | Farm |
| 15:51 | Build | Farm |
| 15:54 | Build | Farm |
| 15:56 | Build | Farm |
| 15:59 | Build | Farm |
| 16:00 | Create | Villager (Male) |
| 16:01 | Create | Villager (Male) |
| 16:02 | Create | Villager (Male) |
| 16:08 | Create | Fishing Ship |
| 16:13 | Create | Fishing Ship |
| 16:15 | Research | Tech 906 |
| 16:29 | Build | Mining Camp |
| 17:17 | Age | Castle Age |
| 17:22 | Build | Town Center |
| 17:23 | Create | Villager (Male) |
| 17:23 | Create | Villager (Male) |
| 17:24 | Create | Villager (Male) |
| 17:31 | Build | Town Center |
| 17:34 | Research | Bow Saw |
| 17:38 | Research | Horse Collar |
| 17:43 | Build | Fish Trap |
| 17:47 | Create | Villager (Male) |
| 17:48 | Create | Villager (Male) |
| 17:48 | Create | Villager (Male) |
| 18:22 | Build | Fish Trap |
| 18:29 | Build | Fish Trap |
| 18:38 | Create | Villager (Male) |
| 18:39 | Create | Villager (Male) |
| 18:39 | Create | Villager (Male) |
| 18:44 | Create | Villager (Male) |
| 18:54 | Build | Fish Trap |
| 19:07 | Build | Fish Trap |
| 19:12 | Build | Fish Trap |
| 19:21 | Create | Villager (Male) |
| 19:25 | Build | Farm |
| 19:29 | Build | Farm |
| 19:36 | Build | Farm |
| 19:40 | Build | Farm |
| 19:42 | Create | Villager (Male) |
| 19:43 | Create | Villager (Male) |
| 19:51 | Build | Farm |
| 19:58 | Build | Farm |
| 20:03 | Build | Farm |
| 20:04 | Create | Villager (Male) |
| 20:05 | Create | Villager (Male) |
| 20:10 | Build | Farm |
| 20:18 | Build | Farm |
| 20:19 | Create | Villager (Male) |
| 20:20 | Create | Villager (Male) |
| 20:21 | Create | Villager (Male) |
| 20:32 | Build | Farm |
| 20:36 | Build | Farm |
| 20:36 | Create | Villager (Male) |
| 20:38 | Create | Villager (Male) |
| 20:44 | Create | Villager (Male) |
| 20:47 | Build | Farm |
| 20:58 | Research | Heavy Plow |
| 20:59 | Create | Villager (Male) |
| 21:00 | Create | Villager (Male) |
| 21:23 | Build | Lumber Camp |
| 21:25 | Create | Villager (Male) |
| 21:26 | Create | Villager (Male) |
| 21:26 | Create | Villager (Male) |
| 21:38 | Create | Villager (Male) |
| 21:39 | Create | Villager (Male) |
| 21:39 | Create | Villager (Male) |
| 21:39 | Create | Villager (Male) |
| 21:54 | Build | Town Center |
| 22:00 | Build | Town Center |
| 22:01 | Create | Villager (Male) |
| 22:01 | Create | Villager (Male) |
| 22:01 | Create | Villager (Male) |
| 22:02 | Create | Villager (Male) |
| 22:02 | Create | Villager (Male) |
| 22:12 | Research | Wheelbarrow |
| 22:15 | Create | Villager (Male) |
| 22:24 | Create | Villager (Male) |
| 22:25 | Create | Villager (Male) |
| 22:31 | Build | Farm |
| 22:41 | Create | Villager (Male) |
Build order — ben_
First 150 of 497 actions detected
| 0:00 | Create | Villager (Male) |
| 0:01 | Create | Villager (Male) |
| 0:02 | Build | House |
| 0:03 | Build | House |
| 0:36 | Create | Villager (Male) |
| 0:37 | Create | Villager (Male) |
| 0:37 | Create | Villager (Male) |
| 1:20 | Build | Lumber Camp |
| 1:30 | Create | Villager (Male) |
| 1:30 | Create | Villager (Male) |
| 1:58 | Create | Villager (Male) |
| 1:58 | Create | Villager (Male) |
| 2:19 | Create | Villager (Male) |
| 2:41 | Create | Villager (Male) |
| 3:10 | Create | Villager (Male) |
| 3:23 | Build | House |
| 3:32 | Create | Villager (Male) |
| 3:56 | Build | Dock |
| 4:01 | Create | Villager (Male) |
| 4:25 | Create | Villager (Male) |
| 4:27 | Build | House |
| 4:41 | Create | Fishing Ship |
| 5:11 | Create | Villager (Male) |
| 5:20 | Create | Villager (Male) |
| 5:24 | Create | Fishing Ship |
| 5:49 | Create | Villager (Male) |
| 5:53 | Create | Fishing Ship |
| 6:23 | Create | Villager (Male) |
| 6:25 | Create | Fishing Ship |
| 6:43 | Create | Villager (Male) |
| 6:44 | Build | House |
| 6:55 | Create | Villager (Male) |
| 7:22 | Build | Mining Camp |
| 7:24 | Create | Villager (Male) |
| 7:30 | Build | House |
| 7:49 | Create | Villager (Male) |
| 7:55 | Create | Villager (Male) |
| 8:26 | Build | Mining Camp |
| 8:31 | Build | Mill |
| 8:40 | Create | Villager (Male) |
| 9:15 | Research | Feudal Age |
| 9:55 | Build | Lumber Camp |
| 10:38 | Create | Villager (Male) |
| 10:39 | Create | Villager (Male) |
| 11:12 | Build | House |
| 11:13 | Build | House |
| 11:31 | Age | Feudal Age |
| 11:32 | Build | Market |
| 11:33 | Build | Blacksmith |
| 11:36 | Research | Double-Bit Axe |
| 12:00 | Research | Tech 906 |
| 12:14 | Build | Dock |
| 12:19 | Research | Castle Age |
| 12:19 | Research | Castle Age |
| 12:44 | Build | Fish Trap |
| 12:53 | Build | Fish Trap |
| 12:58 | Build | House |
| 12:59 | Build | House |
| 13:42 | Build | House |
| 13:42 | Build | House |
| 14:34 | Create | Villager (Male) |
| 15:01 | Age | Castle Age |
| 15:03 | Build | Town Center |
| 15:07 | Build | Town Center |
| 15:12 | Research | Bow Saw |
| 15:12 | Research | Bow Saw |
| 15:24 | Research | Wheelbarrow |
| 15:51 | Build | Town Center |
| 16:08 | Create | Villager (Male) |
| 16:10 | Build | Fish Trap |
| 16:15 | Create | Villager (Male) |
| 16:16 | Create | Villager (Male) |
| 16:20 | Create | Villager (Male) |
| 16:21 | Create | Villager (Male) |
| 16:21 | Create | Villager (Male) |
| 16:24 | Build | Fish Trap |
| 16:44 | Create | Fishing Ship |
| 16:50 | Build | House |
| 16:51 | Create | Villager (Male) |
| 16:51 | Create | Villager (Male) |
| 16:58 | Create | Villager (Male) |
| 17:09 | Create | Villager (Male) |
| 17:09 | Create | Villager (Male) |
| 17:10 | Create | Villager (Male) |
| 17:11 | Create | Villager (Male) |
| 17:13 | Create | Fishing Ship |
| 17:19 | Build | House |
| 17:26 | Create | Villager (Male) |
| 17:31 | Build | Fish Trap |
| 17:32 | Create | Fishing Ship |
| 17:34 | Create | Villager (Male) |
| 17:34 | Create | Villager (Male) |
| 17:46 | Create | Villager (Male) |
| 17:49 | Build | House |
| 17:50 | Build | House |
| 17:55 | Research | Loom |
| 17:57 | Create | Villager (Male) |
| 17:58 | Create | Villager (Male) |
| 17:59 | Create | Fishing Ship |
| 18:05 | Build | Fish Trap |
| 18:06 | Create | Villager (Male) |
| 18:08 | Create | Villager (Male) |
| 18:11 | Create | Villager (Male) |
| 18:13 | Create | Villager (Male) |
| 18:22 | Build | Fish Trap |
| 18:29 | Create | Villager (Male) |
| 18:29 | Create | Fishing Ship |
| 18:36 | Build | Dock |
| 18:38 | Create | Villager (Male) |
| 18:39 | Create | Villager (Male) |
| 18:40 | Create | Villager (Male) |
| 18:47 | Build | Fish Trap |
| 18:49 | Create | Fishing Ship |
| 18:53 | Create | Villager (Male) |
| 18:57 | Create | Fishing Ship |
| 19:00 | Create | Villager (Male) |
| 19:00 | Create | Villager (Male) |
| 19:06 | Create | Villager (Male) |
| 19:14 | Create | Villager (Male) |
| 19:14 | Create | Villager (Male) |
| 19:16 | Create | Fishing Ship |
| 19:16 | Create | Fishing Ship |
| 19:16 | Create | Fishing Ship |
| 19:16 | Create | Fishing Ship |
| 19:23 | Build | Fish Trap |
| 19:25 | Create | Villager (Male) |
| 19:28 | Build | Mining Camp |
| 19:32 | Build | House |
| 19:32 | Build | House |
| 19:33 | Create | Fishing Ship |
| 19:34 | Create | Fishing Ship |
| 19:41 | Build | Fish Trap |
| 19:43 | Create | Villager (Male) |
| 19:46 | Create | Fishing Ship |
| 19:48 | Create | Villager (Male) |
| 20:00 | Build | Fish Trap |
| 20:04 | Create | Villager (Male) |
| 20:05 | Create | Fishing Ship |
| 20:06 | Create | Fishing Ship |
| 20:15 | Build | Fish Trap |
| 20:17 | Create | Fishing Ship |
| 20:24 | Build | Fish Trap |
| 20:24 | Create | Villager (Male) |
| 20:32 | Create | Villager (Male) |
| 20:33 | Create | Villager (Male) |
| 20:33 | Create | Villager (Male) |
| 20:36 | Build | Fish Trap |
| 20:38 | Build | Dock |
| 20:41 | Create | Fishing Ship |
| 20:41 | Create | Fishing Ship |
Match timeline
| 0:51 | Superhoops · wall_segment Palisade Wall x10 |
| 1:05 | Nicius · wall_segment Palisade Wall x13 |
| 2:24 | Superhoops · wall_segment Palisade Wall x11 |
| 3:06 | Tiberyus · wall_segment Palisade Wall x11 |
| 3:11 | Tiberyus · wall_segment Palisade Wall x12 |
| 3:56 | ben_ · first_building Dock |
| 4:48 | eugenibeto · wall_segment Palisade Wall x3 |
| 4:50 | eugenibeto · wall_segment Palisade Wall x8 |
| 5:12 | eugenibeto · wall_segment Palisade Wall x9 |
| 5:50 | Nicius · wall_segment Palisade Wall x7 |
| 6:37 | Tiberyus · wall_segment Palisade Wall x1 |
| 6:43 | Pig-killing team member · first_building Dock |
| 6:52 | Nicius · wall_segment Palisade Wall x5 |
| 9:21 | Nicius · wall_segment Palisade Wall x10 |
| 10:26 | Tiberyus · wall_segment Palisade Wall x8 |
| 10:50 | Nicius · first_building Dock |
| 11:31 | ben_ · age_up feudal |
| 12:01 | Zad · wall_segment Palisade Wall x1 |
| 12:30 | Superhoops · age_up feudal |
| 12:53 | Pig-killing team member · age_up feudal |
| 12:59 | Pig-killing team member · wall_segment Stone Wall x11 |
| 13:42 | Madeft · age_up feudal |
| 14:17 | Zad · age_up feudal |
| 14:23 | Nicius · age_up feudal |
| 14:41 | Tiberyus · first_building Barracks |
| 14:45 | Nicius · first_building Donjon |
| 14:53 | Madeft · wall_segment Stone Wall x2 |
| 15:01 | ben_ · age_up castle |
| 15:01 | eugenibeto · first_building Dock |
| 15:16 | eugenibeto · age_up feudal |
| 15:18 | ben_ · first_market_buy 100 stone |
| 15:37 | Pig-killing team member · wall_segment Stone Wall x3 |
| 15:47 | eugenibeto · wall_segment Stone Wall x7 |
| 15:50 | eugenibeto · wall_segment Stone Wall x14 |
| 16:00 | Tiberyus · age_up feudal |
| 16:05 | Nicius · first_building Barracks |
| 16:30 | Madeft · first_building Barracks |
| 17:17 | Pig-killing team member · age_up castle |
| 17:23 | Madeft · wall_segment Stone Wall x2 |
| 17:26 | Superhoops · age_up castle |
| 17:44 | Tiberyus · wall_segment Stone Wall x2 |
| 18:10 | Tiberyus · wall_segment Stone Wall x15 |
| 18:11 | Madeft · age_up castle |
| 18:23 | Nicius · wall_segment Palisade Wall x2 |
| 18:53 | Superhoops · first_building Monastery |
| 19:01 | Madeft · first_market_buy 100 wood |
| 19:25 | eugenibeto · wall_segment Stone Wall x1 |
| 19:43 | eugenibeto · wall_segment Stone Wall x1 |
| 19:51 | eugenibeto · first_market_buy 100 food |
| 20:12 | Tiberyus · wall_segment Stone Wall x8 |
| 20:27 | Zad · age_up castle |
| 20:34 | Zad · first_building Castle |
| 20:53 | ben_ · first_building Monastery |
| 21:08 | Nicius · wall_segment Stone Wall x14 |
| 21:57 | Zad · first_building Siege Workshop |
| 22:40 | Tiberyus · first_building Stable |
| 22:49 | eugenibeto · age_up castle |
| 22:55 | Zad · first_building Monastery |
| 23:05 | Nicius · first_market_sell 100 stone |
| 23:34 | Madeft · first_building Castle |
| 23:44 | ben_ · first_building Castle |
| 24:10 | Pig-killing team member · first_building Monastery |
| 24:25 | Tiberyus · age_up castle |
| 24:56 | Superhoops · first_building Castle |
| 25:14 | Tiberyus · tribute_sent a jugador 1 |
| 25:14 | Tiberyus · tribute_sent a jugador 2 |
| 25:14 | Tiberyus · tribute_sent a jugador 3 |
| 25:14 | Tiberyus · tribute_sent a jugador 4 |
| 25:14 | Tiberyus · tribute_sent a jugador 6 |
| 25:14 | Tiberyus · tribute_sent a jugador 7 |
| 25:14 | Tiberyus · tribute_sent a jugador 8 |
| 25:37 | Madeft · first_market_sell 100 stone |
| 25:43 | eugenibeto · first_building Monastery |
| 25:50 | Nicius · age_up castle |
| 26:21 | Nicius · first_building Castle |
| 26:42 | ben_ · first_building Barracks |
| 26:46 | Tiberyus · first_market_buy 100 food |
| 26:47 | Superhoops · first_market_buy 100 stone |
| 27:01 | Madeft · first_building Monastery |
| 28:09 | Madeft · wall_segment Stone Wall x15 |
| 28:25 | Zad · first_market_sell 100 wood |
| 28:26 | Tiberyus · tribute_sent a jugador 1 |
| 28:26 | Tiberyus · tribute_sent a jugador 2 |
| 28:26 | Tiberyus · tribute_sent a jugador 3 |
| 28:26 | Tiberyus · tribute_sent a jugador 4 |
| 28:26 | Tiberyus · tribute_sent a jugador 6 |
| 28:26 | Tiberyus · tribute_sent a jugador 7 |
| 28:26 | Tiberyus · tribute_sent a jugador 8 |
| 28:44 | Pig-killing team member · first_building Barracks |
| 29:01 | Madeft · age_up imperial |
| 29:17 | Tiberyus · first_building Siege Workshop |
| 29:21 | ben_ · first_building Stable |
| 29:22 | ben_ · first_building Archery Range |
| 29:42 | Tiberyus · first_building Castle |
| 29:53 | Tiberyus · wall_segment Stone Wall x17 |
| 30:17 | Pig-killing team member · first_building Stable |
| 30:19 | ben_ · first_building Siege Workshop |
| 30:38 | ben_ · age_up imperial |
| 31:15 | Superhoops · first_market_sell 100 food |
| 31:19 | eugenibeto · first_building Castle |
| 31:39 | Zad · age_up imperial |
| 31:43 | Pig-killing team member · age_up imperial |
| 31:50 | eugenibeto · wall_segment Stone Wall x1 |
| 31:50 | eugenibeto · wall_segment Stone Wall x1 |
| 31:51 | eugenibeto · wall_segment Stone Wall x1 |
| 31:54 | Tiberyus · tribute_sent a jugador 1 |
| 31:54 | Tiberyus · tribute_sent a jugador 2 |
| 31:54 | Tiberyus · tribute_sent a jugador 3 |
| 31:54 | Tiberyus · tribute_sent a jugador 4 |
| 31:54 | Tiberyus · tribute_sent a jugador 6 |
| 31:54 | Tiberyus · tribute_sent a jugador 7 |
| 31:54 | Tiberyus · tribute_sent a jugador 8 |
| 31:55 | eugenibeto · wall_segment Stone Wall x1 |
| 31:55 | Zad · first_building Barracks |
| 31:56 | eugenibeto · wall_segment Stone Wall x1 |
| 31:56 | eugenibeto · wall_segment Stone Wall x1 |
| 31:57 | eugenibeto · wall_segment Stone Wall x1 |
| 31:57 | eugenibeto · wall_segment Stone Wall x1 |
| 32:17 | ben_ · first_market_sell 100 wood |
| 32:56 | Pig-killing team member · first_building Archery Range |
| 33:51 | Nicius · first_building Siege Workshop |
| 34:19 | eugenibeto · first_building Barracks |
| 34:28 | Superhoops · age_up imperial |
| 34:33 | Pig-killing team member · first_building Castle |
| 34:53 | Nicius · age_up imperial |
| 35:41 | eugenibeto · wall_segment Stone Wall x1 |
| 36:17 | Tiberyus · age_up imperial |
| 37:13 | eugenibeto · age_up imperial |
| 37:18 | Madeft · first_building Stable |
| 37:29 | eugenibeto · first_building Archery Range |
| 37:38 | Zad · first_market_buy 100 stone |
| 38:22 | Pig-killing team member · first_market_sell 500 wood |
| 40:08 | Madeft · first_building Siege Workshop |
| 40:13 | eugenibeto · first_market_sell 100 wood |
| 41:58 | ben_ · tribute_sent a jugador 1 |
| 41:58 | ben_ · tribute_sent a jugador 2 |
| 41:58 | ben_ · tribute_sent a jugador 3 |
| 41:58 | ben_ · tribute_sent a jugador 4 |
| 41:58 | ben_ · tribute_sent a jugador 5 |
| 41:58 | ben_ · tribute_sent a jugador 6 |
| 41:58 | ben_ · tribute_sent a jugador 7 |
| 42:00 | Superhoops · first_building Barracks |
| 42:48 | Zad · resign |
| 43:41 | ben_ · tribute_sent a jugador 1 |
| 43:41 | ben_ · tribute_sent a jugador 2 |
| 43:41 | ben_ · tribute_sent a jugador 3 |
| 43:41 | ben_ · tribute_sent a jugador 4 |
| 43:41 | ben_ · tribute_sent a jugador 5 |
| 43:41 | ben_ · tribute_sent a jugador 6 |
| 43:41 | ben_ · tribute_sent a jugador 7 |
[ AI ANALYSIS · 1 CREDIT ]
What really happened in this match?
Wolo.gg analyzes every decision: build order, eco, micro, common mistakes by bracket. Personalized analysis on WhatsApp or Discord in 30 seconds.
Civ guide
Vietnamese
Perfil
Jugador #606402